 Dungeon Crawl Stone Soup version 0.22-a0-293-gc9362ec (webtiles) character file.

19 grizmgrazm2 the Grave Robber (level 2, 0/19 HPs)
             Began as a Demonspawn Necromancer on Mar 24, 2018.
             Slain by a jackal (2 damage)
             ... on level 1 of the Dungeon.
             The game lasted 00:01:59 (870 turns).

grizmgrazm2 the Grave Robber (DsNe)                  Turns: 870, Time: 00:02:00

Health: 0/19       AC:  5    Str:  8    XL:     2   Next: 55%
Magic:  3/5        EV: 10    Int: 16    God:
Gold:   14         SH:  0    Dex: 13    Spells: 4/5 levels left

rFire    + . .     SeeInvis .   d - +0 club
rCold    . . .     Gourm    .   (no shield)
rNeg     . . .     Faith    .   b - +0 ring mail
rPois    .         Spirit   .   (no helmet)
rElec    .         Reflect  .   (no cloak)
rCorr    .         Harm     .   (no gloves)
MR       .....                  (no boots)
Stlth    +.........             (no amulet)
HPRegen  0.06/turn              (no ring)
MPRegen  0.09/turn              (no ring)

@: very slightly contaminated, invisible
A: fire resistance 1
a: no special abilities


You were on level 1 of the Dungeon.
You were not hungry.

You visited 1 branch of the dungeon, and saw 3 of its levels.

You collected 14 gold pieces.

Inventory:

Hand Weapons
 d - a +0 club (weapon)
Armour
 a - a +0 robe
 b - a +0 ring mail (worn)
Scrolls
 e - a scroll of random uselessness {unknown}
Comestibles
 c - a ration


   Skills:
 + Level 0.2 Fighting
 + Level 0.5 Armour
 + Level 1.7 Dodging
 + Level 1.7 Stealth
 + Level 2.2 Spellcasting
 + Level 4.8 Necromancy


You had 4 spell levels left.
You knew the following spells:

 Your Spells              Type           Power        Failure   Level  Hunger
a - Pain                  Necr           ###.         9%          1    #......


Dungeon Overview and Level Annotations

Branches:
Dungeon (3/15)

Altars:


Innate Abilities, Weirdness & Mutations

Your flesh is heat resistant. (rF+)


Message History

Casting: Pain (safe; 9% risk of failure)
Confirm with . or Enter, or press ? or * to list all spells.
Aiming: Pain (safe; 9% risk of failure)
Press: ? - help, Shift-Dir - straight line, f/p - giant cockroach
Aim: a giant cockroach (clinging, chance to defeat MR: 87%)
The jackal writhes in agony!
The jackal barely misses you. The jackal closely misses you.
It was a potion of invisibility.
You fade into invisibility!
The jackal barely misses you.
You are very lightly contaminated with residual magic.
The jackal bites you.
* * * LOW HITPOINT WARNING * * *
The jackal bites you but does no damage.
The jackal closely misses you.
The jackal bites you but does no damage.
The jackal barely misses you.
The jackal bites you but does no damage.
The jackal bites you.
You die...

.#.##..# #.#.# #........#
.#.##..####...###..#.###.#
##............+....#r###.##
............>###...........
.............###.h#.###.##.
.### .#...........#.###.
...........h.......#
.####.###.#h.#.#####
.......@..#.# ....##.#..#.#
.... +.....#.# #... ##.#.##
#.#.. ..... ...... .. .##


You could see 3 jackals and a rat.

Vanquished Creatures
  A ball python (D:1)
  3 bats
  A giant cockroach (D:1)
  A goblin (D:1)
  4 hobgoblins
  3 jackals (D:1)
  A kobold (D:1)
  2 rats
16 creatures vanquished.

Notes
Turn   | Place    | Note
-------+----------+-------------------------------------------
     0 | D:1      | grizmgrazm2 the Demonspawn Necromancer began the quest for the Orb.
     0 | D:1      | Reached XP level 1. HP: 13/13 MP: 3/3
   297 | D:2      | Gained mutation: Your flesh is heat resistant. (rF+) [demonic ancestry]
   297 | D:2      | Reached XP level 2. HP: 14/19 MP: 0/5
   870 | D:1      | Slain by a jackal

Vault maps used:
D:1:      dpeg_arrival_rooms_b, st_stairs_12
D:2:      uniq_natasha
D:3:      first_ration

Action                   || total
-------------------------++-------
Melee: Club              ||    51
 Cast: Pain              ||    25
  Use: Potion            ||     1
Armor: Ring mail         ||    40
       Robe              ||     1
Dodge: Dodged            ||    57

Table legend:
 A = Spawn XP
 B = Non-spawn XP
 C = Spawn XP percentage of total XP
 D = Spawn monster count
 E = Non-spawn monster count
 F = Spawn count percentage of total count
 G = Total turns spent on level
                    A         B        C        D         E        F      G
               +---------+---------+-------+---------+---------+-------+---------
         Total |       0 |      28 |   0.0 |       0 |      16 |   0.0 |   870
               +---------+---------+-------+---------+---------+-------+---------
           D:1 |       0 |      20 |   0.0 |       0 |      11 |   0.0 |   593
           D:2 |       0 |       8 |   0.0 |       0 |       5 |   0.0 |   275
               +---------+---------+-------+---------+---------+-------+---------
